 Dungeon Crawl Stone Soup version 0.22.1-2-g9c5b331383 (webtiles) character file.

168 Ivernyr the Ducker (level 5, -9/21 HPs)
             Began as a Felid Air Elementalist on Nov 16, 2018.
             Killed from afar by an orc wizard (10 damage)
             ... with a magic dart
             ... on level 4 of the Dungeon.
             The game lasted 00:26:53 (3427 turns).

Ivernyr the Ducker (Felid Air Elementalist)         Turns: 3427, Time: 00:26:54

Health: -9/21      AC:  1    Str:  4    XL:     5   Next: 23%
Magic:  3/10       EV: 20    Int: 18    God:
Gold:   168        SH:  6    Dex: 16    Spells: 4/10 levels left
                                        Lives:  0   Deaths: 1

rFire    . . .     SeeInvis +   (weapon unavailable)
rCold    . . .     Gourm    .   (shield unavailable)
rNeg     . . .     Faith    .   (armour unavailable)
rPois    .         Spirit   .   (helmet unavailable)
rElec    .         Reflect  +   (cloak unavailable)
rCorr    .         Harm     .   (gloves unavailable)
MR       .....                  (boots unavailable)
Stlth    +++.......             a - +6 amulet of reflection
HPRegen  0.07/turn              (no ring)
MPRegen  0.12/turn              (no ring)

@: quick
A: very small, no armour, no weapons or thrown items, stealth, claws 1, fangs 3,
see invisible, carnivore, speed 1, shaggy fur 1, slow metabolism 1, sharp paws
a: no special abilities


You were on level 4 of the Dungeon.
You were not hungry.

You visited 1 branch of the dungeon, and saw 4 of its levels.

You collected 168 gold pieces.

Inventory:

Jewellery
 a - a +6 amulet of reflection (around neck)
Scrolls
 d - 6 scrolls of identify {unknown}
 e - a scroll of magic mapping {unknown}
 g - a scroll of remove curse {unknown}
 j - 2 scrolls of teleportation {unknown}
 l - 4 scrolls of blinking {unknown}
 m - a scroll of immolation {unknown}
 o - a scroll of fear {unknown}
Potions
 c - a potion of agility {unknown}
 f - a potion of brilliance {unknown}
 h - a potion of curing {unknown}
 i - a potion of might {unknown}
 k - a potion of heal wounds {unknown}
 n - a potion of lignification {unknown}
Comestibles
 b - 8 rations


   Skills:
 + Level 4.6 Dodging
 - Level 2.6 Stealth
 + Level 3.2 Spellcasting
 + Level 2.6 Conjurations
 + Level 3.7 Air Magic


You had 4 spell levels left.
You knew the following spells:

 Your Spells              Type           Power        Failure   Level  Hunger
a - Shock                 Conj/Air       ##..         4%          1    None
b - Swiftness             Chrm/Air       #.......     11%         2    ##.....
c - Static Discharge      Conj/Air       ##......     13%         3    ###....

Your spell library contained the following spells:

 Spells                   Type           Power        Failure   Level  Hunger
 Airstrike                Air            ###.......   32%         4    ####...
 Lightning Bolt           Conj/Air       ##........   75%         5    ######.


Dungeon Overview and Level Annotations

Branches:
Dungeon (4/15)
 Temple: D:4-7

Altars:
Cheibriados
Qazlal
Trog
Zin


Innate Abilities, Weirdness & Mutations

You cannot wear armour.
You are incapable of wielding weapons or throwing items.
Your paws allow you to move quietly. (Stealth)
You have sharp claws.
You have razor-sharp teeth.
You have supernaturally acute eyesight. (SInv)
You are carnivorous and can eat meat at any time.
You cover ground quickly.
You are covered in fur. (AC +1)
You have a slow metabolism.
Your sharp claws are effective at attacking unaware monsters.


Message History

The zap hits the orc wizard.
The orc wizard is severely wounded.
The zap misses the orc wizard.
You block the orc wizard's attack.
Casting: Shock (safe; 4% risk of failure)
Confirm with . or Enter, or press ? or * to list all spells.
Aiming: Shock (safe; 4% risk of failure)
Press: ? - help, Shift-Dir - straight line The zap hits the orc wizard.
The orc wizard is almost dead.
The zap hits the orc wizard.
You kill the orc wizard!
The orc wizard shouts!
The orc wizard casts a spell at you. The magic dart hits you!
The orc wizard casts a spell at you. The puff of flame hits you!
* * * LOW HITPOINT WARNING * * *
The orc wizard points at you and mumbles some strange words.
The magic dart hits you!
You die...

#...<# ###.#####
##....# #...o...##
#.....###..).....#
#.....##..#......#
##.....#..###.....##
#.......### ##.#...#
#......## #..####
.....#.### ##..#
....##...## ##@##
..## #....### ##.#
### .# #......# #.##
#.### . ##.....#
##.## ##...# #.....#
##.###....## #...<##
#..##.....# #...##
##.##....## ##.##
#..#....# ###
##.....##


You could see an orc wizard.

Vanquished Creatures
  A bullfrog (D:2)
  An orc priest (D:3)
  A hound (D:4)
  An orc wizard (D:4)
  3 adders
  An ooze (D:3)
  A worm (D:3)
  A dart slug (D:3)
  A leopard gecko (D:2)
  8 orcs
  8 bats
  A giant cockroach (D:3)
  4 goblins
  6 hobgoblins
  9 kobolds
  A frilled lizard (D:1)
  2 rats (D:2)
50 creatures vanquished.

Notes
Turn   | Place    | Note
-------+----------+-------------------------------------------
     0 | D:1      | Ivernyr the Felid Air Elementalist began the quest for the
                  | Orb.
     0 | D:1      | Reached XP level 1. HP: 7/7 MP: 4/4
   177 | D:1      | Reached skill level 1 in Conjurations
   523 | D:1      | Reached skill level 3 in Dodging
   750 | D:2      | Reached XP level 2. HP: 11/11 MP: 1/6
   806 | D:2      | Learned a level 2 spell: Swiftness
   866 | D:2      | Found a snail-covered altar of Cheibriados.
   867 | D:2      | Found a glowing silver altar of Zin.
  1099 | D:2      | Noticed a bullfrog
  1198 | D:1      | Reached XP level 3. HP: 10/14 MP: 0/7
  1662 | D:2      | Killed a bullfrog
  1662 | D:2      | Reached XP level 4. HP: 6/18 MP: 0/9
  1983 | D:2      | Learned a level 3 spell: Static Discharge
  2362 | D:3      | Reached skill level 4 in Dodging
  2683 | D:3      | Found a stormy altar of Qazlal.
  2693 | D:3      | Reached XP level 5. HP: 21/21 MP: 1/10
  2813 | D:3      | Killed from afar by themself
  2814 | D:3      | Reached XP level 4. HP: 0/18 MP: 1/9
  3274 | D:3      | Found a bloodstained altar of Trog.
  3393 | D:4      | Reached XP level 5. HP: 21/21 MP: 3/10
  3422 | D:4      | HP: 1/21 [orc wizard/puff of flame (10)]
  3427 | D:4      | Killed from afar by an orc wizard

Skill      XL: |  1  2  3  4 |
---------------+-------------+-----
Conjurations   | 1 2 |  2.6
Dodging        | 3 4 |  4.6
Air Magic      | 3 |  3.7
Spellcasting   | 3 |  3.2
Stealth        | |  2.6

Action                   |  1- 3 |  4- 6 || total
-------------------------+-------+-------++-------
Melee: Unarmed           |     8 |     1 ||     9
       Bite              |       |     1 ||     1
 Cast: Shock             |    53 |    71 ||   124
       Swiftness         |     1 |       ||     1
       Static Discharge  |       |     2 ||     2
  Eat: Chunk             |     3 |    10 ||    13
Dodge: Dodged            |    19 |    11 ||    30
Block: Other             |    14 |     8 ||    22
       Reflection        |     7 |     1 ||     8
